 Dungeon Crawl Stone Soup version 0.20.0-8-g6b59dc7 (webtiles) character file.

106 JarielCorvus the Magician (level 4, -1/24 HPs)
             Began as a Deep Elf Wizard on June 1, 2017.
             Killed from afar by Natasha (7 damage)
             ... with a magic dart
             ... on level 2 of the Dungeon.
             The game lasted 00:04:33 (1937 turns).

JarielCorvus the Magician (Deep Elf Wizard)         Turns: 1937, Time: 00:04:34

Health: -1/24      AC:  2    Str:  4    XL:     4   Next: 55%
Magic:  7/14       EV: 12    Int: 24    God:
Gold:   91         SH:  4    Dex: 13    Spells: 4/15 levels left

rFire    . . .     SeeInvis .   m - +1 dagger
rCold    . . .     Gourm    .   k - +0 buckler
rNeg     . . .     Faith    .   a - +0 robe
rPois    .         Spirit   .   b - +0 hat
rElec    .         Reflect  .   (no cloak)
rCorr    .         Harm     .   (no gloves)
MR       .....                  (no boots)
Stlth    ++........             (no amulet)
Regen    0.1/turn               (no ring)
MPRegen  0.2/turn               (no ring)

@: slowed, very slow
A: no striking features
a: no special abilities


You were on level 2 of the Dungeon.
You were hungry.

You visited 1 branch of the dungeon, and saw 2 of its levels.

You collected 91 gold pieces.

Inventory:

Hand Weapons
 l - a +1 dagger of pain
 m - a +1 dagger (weapon)
Armour
 a - a +0 robe (worn)
 b - a +0 hat (worn)
 k - a +0 buckler (worn)
Scrolls
 e - a scroll of amnesia
 h - a scroll of remove curse {unknown}
 i - 6 scrolls of identify
 n - a scroll of teleportation
Potions
 j - a potion of might
Books
 c - a book of Minor Magic

   Spells                             Type                      Level
   a - Magic Dart                     Conjuration                  1
   b - Blink                          Translocation                2
   c - Call Imp                       Summoning                    2
   d - Slow                           Hexes                        2
   e - Conjure Flame                  Conjuration/Fire             3
   f - Mephitic Cloud                 Conjuration/Poison/Air       3
Comestibles
 d - 2 bread rations
 f - 2 fruits
 g - a meat ration


   Skills:
 - Level 2.4 Dodging
 - Level 2.4 Stealth
 + Level 1.5 Shields
 * Level 6.1 Spellcasting
 + Level 2.3 Conjurations
 - Level 1.1 Summonings
 - Level 1.1 Translocations


You had 4 spell levels left.
You knew the following spells:

 Your Spells              Type           Power        Failure   Level  Hunger
a - Magic Dart            Conj           ###.         4%          1    None
b - Blink                 Tloc           N/A          11%         2    None
c - Call Imp              Summ           ##......     11%         2    None
d - Conjure Flame         Conj/Fire      ##......     21%         3    #......
e - Mephitic Cloud        Conj/Pois/Air  ##......     24%         3    #......


Dungeon Overview and Level Annotations

Branches:
Dungeon (2/15)

Altars:

Annotations:
D:2 Natasha


Message History

Aim: Natasha (heavily wounded)
The magic dart hits Natasha.
Natasha is almost dead.
The shadow imp picks up a beetle and eats it.
The shadow imp hits you but does no damage.
Natasha hisses.
Natasha barely misses you. The shadow imp gestures at you.
Pain shoots through your body!
* * * LOW HITPOINT WARNING * * *
Casting: Magic Dart
Confirm with . or Enter, or press ? or * to list all spells.
Aiming: Magic Dart
Press: ? - help, Shift-Dir - straight line, f/p - Natasha
Aim: Natasha (almost dead)
The magic dart hits Natasha.
Natasha is almost dead.
Natasha stares at you and mumbles some strange words.
The magic dart hits you!
You die...

.# #.)....# #.#................
.#####......###.#.#.########....#
....................รท....#
##.#.# ######............#.####.#
#.#.# #.#########......##.##
#...# #.# #..###.#...###...# #.#
#..# #.......#...# #.#
#5h###.#...#.#..## #.#
#######@.....###.#.#.... #.#
#.......##.### #.#...... #.#
#.#####.##.#####.###..##
######.###.# #.##....<.......#
...........# #.########.####.##
######.##### #.# #.# #...
######.# #.# #.# #... #......#
#.# #.# #... #.###### #.# #.#
#.##


You could see Natasha and a shadow imp.

Vanquished Creatures
  Natasha (D:2)
  4 adders (D:2)
  An ooze (D:2)
  6 bats
  5 goblins
  8 hobgoblins
  3 jackals (D:2)
  3 frilled lizards
  3 kobolds
  4 rats
38 creatures vanquished.

Notes
Turn   | Place    | Note
-------+----------+-------------------------------------------
     0 | D:1      | JarielCorvus the Deep Elf Wizard began the quest for the Orb.
     0 | D:1      | Reached XP level 1. HP: 10/10 MP: 7/7
   379 | D:1      | Reached XP level 2. HP: 15/15 MP: 6/9
   454 | D:1      | Reached skill level 5 in Spellcasting
   587 | D:1      | Learned a level 2 spell: Blink
   590 | D:1      | Learned a level 2 spell: Call Imp
   840 | D:2      | Reached XP level 3. HP: 19/19 MP: 7/11
   881 | D:2      | Reached skill level 1 in Shields
  1248 | D:2      | Reached XP level 4. HP: 24/24 MP: 9/13
  1338 | D:2      | Noticed Natasha
  1346 | D:2      | Killed Natasha
  1346 | D:2      | Reached skill level 6 in Spellcasting
  1913 | D:2      | Learned a level 3 spell: Conjure Flame
  1917 | D:2      | Learned a level 3 spell: Mephitic Cloud
  1930 | D:2      | Noticed Natasha
  1937 | D:2      | Killed from afar by Natasha

Skill      XL: |  1  2  3  4 |
---------------+-------------+-----
Spellcasting   | 5 6 |  6.1
Shields        | 1 |  1.5
Conjurations   | 2 |  2.3
Dodging        | |  2.4
Stealth        | |  2.4
Summonings     | |  1.1
Translocations | |  1.1

Action                   |  1- 3 |  4- 6 || total
-------------------------+-------+-------++-------
Melee: Dagger            |     5 |       ||     5
 Cast: Magic Dart        |    74 |    33 ||   107
  Use: Scroll            |     6 |       ||     6
  Eat: Chunk             |       |     2 ||     2
Armor: Robe              |     7 |     3 ||    10
Dodge: Dodged            |    14 |     1 ||    15
Block: Buckler           |     5 |     1 ||     6
